Unix NetHack Version 5.0.0-0 post-release - last build May 22 2026 02:22:16 (99d1c3b6dc4b13757aaa5824b55bdea4e1e63757,branch:main).

Game began 2026-05-22 15:47:44, ended 2026-05-23 00:28:46.

Drastanta, lawful female dwarven Valkyrie

                                -----
 -----      --------------      |...|          ---------------
 |...+     #|.............#    #....|          |......>......|       ---------
 |...|######.............|#    @|...|          |.............|       |.[+!?(*|
 |....######|............|#    #|...|##########..............|   ####-.+()*/?|
 |...|  ## #----.---------#   ##|...|         #-----------.--- ###  #|.?%)+[?|
 |(..-###  0################0 ##-|---        ###################    #---------
 |...|             ###     ##### #           #            #         #
 -----                     ##  # ###       ###          ###         #
                    -------##  #---.-   ####            #           #
                    |.....-#####....|   #               #           #
                    |.....|  #  |....####             ###           ##
                    |.....|     |...|                -.--------------#
                    |<.....     -----                |..............|#
                    -------                          +..............|#
                                                     |...............#
                                                     ----------------

Drastanta the Skirmisher    St:17 Dx:14 Co:20 In:8 Wi:8 Ch:8  Lawful
Dlvl:4  $:330 HP:42(42) Pw:4(4) AC:2  Xp:4 T:1072 

Latest messages:
 You hit the orc zombie!
 You miss the orc zombie.
 The orc zombie hits!
 You miss the orc zombie.
 The orc zombie hits!
 You hit the orc zombie.
 The orc zombie misses!
 You destroy the orc zombie!
 You find a hidden passage.
 The orc zombie hits!
 You hit the orc zombie!
 The orc zombie hits!
 You destroy the orc zombie!
 A gnome suddenly appears!
 You see here a milky potion.
 p - a milky potion.
 You kill the grid bug!
 You see here 7 gold pieces.
 $ - 7 gold pieces (320 in total).
 You swap places with the peaceful gnome.
 You swap places with the peaceful gnome.
 The little dog bites!
 You miss the little dog.
 The little dog misses!
 The little dog bites!
 You hit the little dog!
 The little dog just misses!
 The little dog bites!
 You kill the little dog!
 You stop.  The gnome is in the way!
 You swap places with the peaceful gnome.
 You swap places with the peaceful gnome.
 You swap places with the peaceful gnome.
 You descend the stairs.
 You kill the hobgoblin!
 Welcome to experience level 4.
 You climb up the stairs.
 You see here 10 gold pieces.
 $ - 10 gold pieces (330 in total).
 "Velkommen, Drastanta!  Welcome to Angmagssalik's general store!"
 You hear the chime of a cash register.
 You hear someone cursing shoplifters.
 The lichen touches you!
 You miss the lichen.
 You miss the lichen.
 The lichen misses!
 You miss the lichen.
 You kill the lichen!
 Really quit without saving? [yn] (n) y
 Do you want your possessions identified? [ynq] (y) q

Inventory:
 Coins    ('$')
  $ - 330 gold pieces
 Weapons  (')')
  b - a +0 dagger (alternate weapon; not wielded)
  a - a +1 dwarvish spear (weapon in right hand)
 Armor    ('[')
  e - an uncursed +0 orcish helm (being worn)
  c - an uncursed +3 small shield (being worn)
  f - an uncursed +0 ring mail (being worn)
 Comestibles  ('%')
  l - an uncursed candy bar labeled "Chocolate Nuggie"
  d - 3 uncursed food rations
  h - an uncursed pancake
  n - an uncursed tripe ration
 Scrolls  ('?')
  m - an uncursed scroll of destroy armor
  i - an uncursed scroll of enchant weapon
  g - a blessed scroll of scare monster
 Spellbooks  ('+')
  o - an uncursed spellbook of cure blindness
 Potions  ('!')
  j - a blessed potion of gain energy
  p - an uncursed potion of restore ability
  k - an uncursed potion of sickness

Drastanta the Valkyrie's attributes:

Background:
 You were a Skirmisher, a level 4 dwarven Valkyrie.
 You were lawful, nominally on a mission for Tyr
 who was opposed by Odin (neutral) and Loki (chaotic).
 You were right-handed.
 You were in the Dungeons of Doom, on level 4.
 You entered the dungeon 1072 turns ago.
 It was the midnight hour.
 You had 86 experience points, 74 more were needed to attain level 5.

Basics:
 You had all 42 hit points.
 You had all 4 energy points (spell power).
 Your armor class was 2.
 Your wallet contained 330 zorkmids.
 Autopickup was off.

Final Characteristics:
 Your strength was 17 (limit:18/100).
 Your dexterity was 14 (limit:20).
 Your constitution was 20 (limit:20).
 Your intelligence was 8 (limit:16).
 Your wisdom was 8 (limit:16).
 Your charisma was 8 (limit:16).

Final Status:
 You weren't hungry.
 You were unencumbered.
 You were wielding a spear.
 You had basic skill with spear.

Final Attributes:
 You were devoutly aligned.
 You were cold resistant.
 You had infravision.
 You were stealthy.
 You were warded.
 You survived.

Miscellaneous:
 You didn't encounter any bones levels.
 Total elapsed playing time was 10 minutes and 59 seconds.

Major events:
 Turn
    1: Drastanta the lawful dwarven Valkyrie entered the dungeon
  405: attained the rank of Skirmisher (level 3)
 1072: quit

You didn't know any spells.

Skills:
 Fighting Skills
   bare handed combat [Unskilled]
   two weapon combat  [Unskilled]
   riding             [Unskilled]
 Weapon Skills
   dagger             [Basic]
   axe                [Unskilled]
   pick-axe           [Unskilled]
   short sword        [Unskilled]
   broadsword         [Unskilled]
   long sword         [Unskilled]
   two-handed sword   [Unskilled]
   saber              [Unskilled]
   hammer             [Unskilled]
   quarterstaff       [Unskilled]
   polearms           [Unskilled]
   spear              [Basic]
   trident            [Unskilled]
   lance              [Unskilled]
   sling              [Unskilled]
 Spellcasting Skills
   attack spells      [Unskilled]
   escape spells      [Unskilled]

Voluntary challenges:
 Character rerolling was not enabled.
 You were an atheist.
 You were illiterate.
 You never genocided any monsters.
 You never polymorphed an object.
 You never changed form.
 You used no wishes.
Achievements:
 You attained the rank of Skirmisher.
 You entered a shop.

 The Dungeons of Doom: levels 1 to 5
    Level 1:
    Level 2:
    Level 3:
       A general store.
    Level 4: <- You were here.
       A general store.
    Level 5:


Vanquished creatures:
  2 little dogs
  2 orc zombies
  a coyote
  a gas spore
  a hobbit
  2 hobgoblins
  a gecko
  4 jackals
  2 kobolds
  a goblin
  2 sewer rats
  4 grid bugs
  a bat
  a lichen
  3 newts
28 creatures vanquished.

No species were genocided or became extinct.

Farvel Drastanta the Valkyrie...

You quit in The Dungeons of Doom on dungeon level 4 with 874 points,
and 330 pieces of gold, after 1072 moves.
You were level 4 with a maximum of 42 hit points when you quit.

